 Dungeon Crawl Stone Soup version 0.28-a0-519-gbfeecf2fc5 (webtiles) character file.

Game seed: 16867262769732371656

79 demibob the Ruffian (level 4, 0/44 HPs)
             Began as a Troll Monk on Sept 23, 2021.
             Slain by Grinder (7 damage)
             ... while paralysed by Grinder
             ... on level 3 of the Dungeon.
             The game lasted 00:02:41 (1553 turns).

demibob the Ruffian (Troll Monk)                    Turns: 1553, Time: 00:02:42

Health: 0/44       AC:  5    Str: 19    XL:     4   Next: 16%
Magic:  3/3        EV:  1    Int:  6    God:
Gold:   127        SH:  0    Dex: 13    Spells: 3/3 levels left

rFire   + . .      SeeInvis .     - Unarmed
rCold   . . .      Faith    .   (no shield)
rNeg    . . .      Spirit   .   e - +1 robe {rF+}
rPois   .          Reflect  .   (helmet restricted)
rElec   .          Harm     .   (no cloak)
rCorr   .          Rampage  .   (gloves unavailable)
Will    .....                   (boots unavailable)
Stlth   ++........              (no amulet)
HPRegen 1.14/turn               (no ring)
MPRegen 0.08/turn               (no ring)

@: paralysed
A: large, unfitting armour, claws 3, regeneration 1, shaggy fur 1, tough skin 1
a: no special abilities


You were on level 3 of the Dungeon.
You visited 1 branch of the dungeon, and saw 3 of its levels.

You collected 127 gold pieces.


Innate Abilities, Weirdness & Mutations

You are too large for most types of armour.
You have claws for hands.
Your natural rate of healing is unusually fast.
You are covered in fur. (AC +1)
You have tough skin. (AC +1)


   Skills:
 - Level 2.4 Fighting
 + Level 2.2 Throwing
 - Level 2.4 Dodging
 - Level 1.0 Stealth
 + Level 4.1 Unarmed Combat


You had 3 spell levels left.
You didn't know any spells.
Your spell library contained the following spells:

 Spells                   Type           Power      Damage    Failure   Level
 Apportation              Tloc           0%         N/A       45%         1
 Alistair's Intoxication  Tmut/Pois      0%         N/A       100%        5
 Invisibility             Hex            0%         N/A       100%        6

Inventory:

Missiles
 c - 101 stones (quivered)
Armour
 e - a +1 robe of fire resistance (worn)
Potions
 g - a potion of lignification

Dungeon Overview and Level Annotations

Branches:
Dungeon (3/15)

Altars:

Shops:
D:2 ::=

Annotations:
D:3 Grinder

#.# ##.##########
#####.....(...5.#
........# #@#
###.#....######.###.#
......#)##.........#
#.#..#.##.###.#####
#.........# #.#
#.###..#.######.#
#......#........#
######.########## #.#


You could see Grinder.


Message History

Grinder hits you.
You writhe in agony.
You barely miss Grinder.
Grinder is lightly wounded.
Grinder gestures at you.
You suddenly lose the ability to move!
Grinder hits you.
* * * LOW HITPOINT WARNING * * *
Grinder hits you.
* * * LOW HITPOINT WARNING * * *
Grinder hits you.
* * * LOW HITPOINT WARNING * * *
Grinder hits you!
* * * LOW HITPOINT WARNING * * *
You writhe in agony.
* * * LOW HITPOINT WARNING * * *
You can move again.
Okay, then.
You closely miss Grinder.
Grinder is lightly wounded.
You closely miss Grinder.
Grinder is lightly wounded.
Grinder misses you.
You closely miss Grinder.
Grinder is lightly wounded.
Grinder gestures at you.
You suddenly lose the ability to move!
Grinder hits you.
* * * LOW HITPOINT WARNING * * *
Grinder hits you!
You die...

Skill      XL: |  1  2  3 |
---------------+----------+-----
Throwing       | 1 2 |  2.2
Unarmed Combat | 4 |  4.1
Fighting       | |  2.4
Dodging        | |  2.4
Stealth        | |  1.0

Action                   |  1- 3 |  4- 6 || total
-------------------------+-------+-------++-------
Melee: Unarmed           |    87 |    12 ||    99
       Punch             |     1 |       ||     1
Throw: Stone             |       |     1 ||     1
  Use: Scroll            |     4 |       ||     4
       Potion            |       |     1 ||     1
 Stab: Sleeping          |     4 |       ||     4
Armor: Robe              |    24 |     3 ||    27
Dodge: Dodged            |    36 |     2 ||    38

Levels and vault maps discovered:
D:1:      dpeg_arrival_water_fire, layout_loops_ring,
          hellmonk_ecumenical_altar_heavens_door
D:2:      layout_rooms, serial_shops, nicolae_lakefront_shop, shop,
          nicolae_shop_crystal
D:3:      layout_loops_corners, nzn_wu_jian_council_hall,
          grunt_temple_overflow_open, serial_shops, nicolae_shop_crystal,
          grunt_ministairs_15, uniq_grinder

Notes
Turn   | Place    | Note
-------+----------+-------------------------------------------
     0 | D:1      | demibob the Troll Monk began the quest for the Orb.
     0 | D:1      | Reached XP level 1. HP: 22/22 MP: 0/0
   276 | D:1      | Found a faded altar of an unknown god.
   313 | D:1      | Reached XP level 2. HP: 29/29 MP: 1/1
   321 | D:1      | Reached skill level 1 in Throwing
   846 | D:2      | Reached XP level 3. HP: 36/36 MP: 2/2
   920 | D:2      | Found Uturr's Book Shop.
  1022 | D:2      | Found Xaaweudd's Book Emporium.
  1116 | D:2      | Found Jaduavo's Jewellery Shoppe.
  1245 | D:3      | Reached skill level 2 in Throwing
  1245 | D:3      | Reached skill level 4 in Unarmed Combat
  1315 | D:3      | Reached XP level 4. HP: 44/44 MP: 3/3
  1533 | D:3      | Noticed Grinder
  1544 | D:3      | Paralysed by Grinder for 4 turns
  1551 | D:3      | Paralysed by Grinder for 4 turns
  1553 | D:3      | Slain by Grinder

Vanquished Creatures
  A howler monkey skeleton (D:3)
  2 adders
  A worm (D:2)
  3 dart slugs
  7 ball pythons
  3 endoplasms
  2 giant cockroaches
  2 goblins
  4 hobgoblins
  7 kobolds
  A quokka (D:3)
  2 bats
  3 frilled lizards
  4 rats
42 creatures vanquished.

Table legend: (Time is in decaauts)
 A = Elapsed time spent in this place.
 B = Non-inter-level travel time spent in this place.
 C = Inter-level travel time spent in this place.
 D = Time resting spent in this place.
 E = Time spent auto-exploring this place.
 F = Levels seen in this place.
 G = Mean time per level.
                   A        B        C        D        E       F      G
               +--------+--------+--------+--------+--------+-----+--------+
         Total |   1546 |   1506 |     40 |      0 |   1194 |   3 |  515.3 |
       Dungeon |   1546 |   1506 |     40 |      0 |   1194 |   3 |  515.3 |
               +--------+--------+--------+--------+--------+-----+--------+

Top non-repeatable levels by time:
     D:1: 786 daAuts
     D:2: 402 daAuts
     D:3: 357 daAuts

Table legend:
 A = Non-vault XP
 B = Vault XP
 C = Vault XP percentage of total XP
 D = Non-vault monster count
 E = Vault monster count
 F = Vault count percentage of total count
                 A         B        C        D         E       F
            +---------+---------+-------+---------+---------+-------
      Total |      97 |      16 |  14.2 |      40 |       2 |   4.8
            +---------+---------+-------+---------+---------+-------
        D:1 |      26 |       0 |   0.0 |      17 |       0 |   0.0
        D:2 |      43 |       0 |   0.0 |      16 |       0 |   0.0
        D:3 |      28 |      16 |  36.4 |       7 |       2 |  22.2
            +---------+---------+-------+---------+---------+-------
